 Dungeon Crawl Stone Soup version 0.26-a0-1177-g1209ec82b9 (webtiles) character file.

Game seed: 5563171571369895940

263 sokol815 the Chopper (level 6, -1/47 HPs)
             Began as a Formicid Fighter on Dec 24, 2020.
             Was a Follower of Qazlal.
             Slain by an ogre
             ... wielding a +0 giant club
              (2 damage)
             ... on level 4 of the Dungeon.
             The game lasted 00:05:17 (2426 turns).

sokol815 the Chopper (Formicid Fighter)             Turns: 2426, Time: 00:05:18

Health: -1/47      AC: 12    Str: 18 (21) XL:     6   Next: 42%
Magic:  6/6        EV:  0    Int:  4 (7)  God:    Qazlal [*.....]
Gold:   129        SH: 10    Dex:  9 (12) Spells: 5/5 levels left

rFire    . . .     SeeInvis +   a - +0 war axe
rCold    . . .     Faith    .   c - +0 kite shield
rNeg     . . .     Spirit   .   k - +0 plate armour
rPois    .         Reflect  .   (helmet unavailable)
rElec    .         Harm     .   q - +0 cloak
rCorr    .         Rampage  .   (no gloves)
Will     .....                  (no boots)
Stlth    ..........             (no amulet)
HPRegen  0.15/turn              u - ring of teleportation (curse) {+/*tele, !d}
MPRegen  0.10/turn              (no ring)

@: constricted
A: permanent stasis, dig shafts and tunnels, four strong arms, antennae 3
a: Dig, Shaft Self, Renounce Religion


You were on level 4 of the Dungeon.
You worshipped Qazlal.
Qazlal was aware of your devotion.
You visited 1 branch of the dungeon, and saw 4 of its levels.

You collected 129 gold pieces.

Inventory:

Hand Weapons
 a - a +0 war axe (weapon)
Missiles
 f - 2 throwing nets {=f, !d}
 p - 42 stones
 t - 22 sling bullets
Armour
 b - a +0 scale mail
 c - a +0 kite shield (worn)
 k - a +0 plate armour (worn)
   (You found it on level 1 of the Dungeon)
 q - a +0 cloak (worn)
   (You found it on level 3 of the Dungeon)
Jewellery
 u - a cursed ring of teleportation (left hand) {+/*tele, !d}
   (You found it on level 4 of the Dungeon)
Scrolls
 e - 5 scrolls of identify {unknown}
 g - a scroll of blinking {unknown}
 i - 2 scrolls of enchant weapon {unknown}
 j - a scroll of fear {unknown}
 l - 5 scrolls of teleportation {unknown}
 m - 3 scrolls of remove curse {unknown}
 n - a scroll of amnesia {unknown}
 o - a scroll of immolation {unknown}
 r - a scroll of random uselessness {unknown}
 s - 2 scrolls of magic mapping {unknown}
Potions
 h - 2 potions of magic


   Skills:
 - Level 3.2 Fighting
 + Level 6.3 Axes
 - Level 3.2 Armour
 - Level 3.6 Shields


You had 5 spell levels left.
You didn't know any spells.
Your spell library was empty.

Dungeon Overview and Level Annotations

Branches:
Dungeon (4/15)
 Temple: D:4-7

Altars:
Ashenzari
Dithmenos
Gozag
Qazlal

Shops:
D:4 =


Innate Abilities, Weirdness & Mutations

You cannot be hasted, slowed, berserked, paralysed or teleported.
You can dig through walls and to a lower floor.
Your four strong arms can wield two-handed weapons with a shield.
You have a pair of large antennae on your head. (SInv)


Message History

You hit the orc. You closely miss the orc.
You hear a shout! x3
The orc hits you but does no damage.
An orc comes into view. It is wielding a +0 mace.
The orc hits you but does no damage.
You hear an angry hiss.
You slash the orc!
You kill the orc!
Qazlal accepts your kill.
You closely miss the orc. You block the orc's attack.
You closely miss the orc. You slash the orc!
You kill the orc!
Qazlal accepts your kill. The orc completely misses you.
An orc comes into view. It is wielding a +0 flail.
The orc hits you but does no damage.
You completely miss the orc. You block the orc's attack.
An orc comes into view.
You barely miss the orc.
The orc shouts!
The orc hits you but does no damage. The orc hits you with a +0 mace.
You take 2 damage, and have 42/47 hp.
You hit the orc but do no damage. You closely miss the orc.
The orc hits you but does no damage.
You slash the orc!
You kill the orc!
Qazlal accepts your kill.
Your plate armour prevents you from hitting the orc.
You slash the orc!
You kill the orc!
Qazlal accepts your kill. You block the orc's attack.
You hit the orc but do no damage. You closely miss the orc.
The orc hits you but does no damage. You block the orc's attack.
You slash the orc!
You kill the orc!
Qazlal accepts your kill.
You are now surrounded by a storm.
You hit the orc but do no damage. You block the orc's attack.
You slash the orc!
You kill the orc!
Qazlal accepts your kill.
No target in view!
No target in view!
No target in view!
You sense a monster nearby.
Things that are here:
a +0 mace; a +0 leather armour; a +0 club Health restored: 47
Things that are here:
a +0 flail; a +0 leather armour You now have 129 gold pieces (gained 10).
Things that are here:
a +0 war axe; a +0 hand axe You see here a +0 hand axe.
Items here: )) ††.
Things that are here:
a +0 ring mail; an orc corpse
Items here: )) ††.
Okay, then.
A ball python skeleton comes into view.
A ball python skeleton is nearby!
You slash the ball python skeleton!
You destroy the ball python skeleton!
Qazlal accepts your kill.
No target in view!
No target in view!
Found a stone staircase leading down.
An ogre comes into view. It is wielding a +0 giant club.
The ogre shouts!
A ball python skeleton comes into view.
You slash the ogre! The ogre hits you with a +0 giant club!
You take 12 damage, and have 35/47 hp.
MASSIVE DAMAGE!!
You barely miss the ogre. You block the ogre's attack.
You closely miss the ogre. You block the ogre's attack.
You hit the ogre. The ogre hits you with a +0 giant club!
You take 12 damage, and have 24/47 hp.
MASSIVE DAMAGE!!
You hit the ogre. The ogre hits you with a +0 giant club!
You take 8 damage, and have 16/47 hp.
You closely miss the ogre. You hit the ball python skeleton.
You block the ball python skeleton's attack.
The ball python skeleton grabs you.
The ball python skeleton constricts you.
The ogre hits you with a +0 giant club!
* * * LOW HITPOINT WARNING * * *
You take 15 damage, and have 1/47 hp.
MASSIVE DAMAGE!!
It was a potion of magic.
Magic courses through your body.
You block the ball python skeleton's attack.
The ball python skeleton constricts you.
It was a potion of degeneration.
There was something very wrong with that liquid.
You feel weakened.
You feel dopey.
You feel clumsy.
The ball python skeleton bites you but does no damage.
The ball python skeleton constricts you.
The ogre hits you with a +0 giant club.
You die...

#. #[))......# #.
#))).....#. #.
#.####..)._...#
#..##............##
................#
#.#............#
#........###.###
##.......# #.#
#..Z@..(# #.#
#.....O.#### #.#
#......#######.#
#....>.+.......#
#......#.....###
#.)....+.(....#
#......#......#####.#
..#...........†.....#
##......########


You could see an ogre and a ball python skeleton.

Vanquished Creatures
  2 orc priests
  Jessica (D:3)
  8 adders
  An ooze (D:1)
  A worm (D:2)
  A dart slug (D:1)
  2 leopard geckos
  15 orcs
  5 bats
  8 giant cockroaches
  5 goblins (D:1)
  8 hobgoblins
  3 jackals (D:2)
  7 kobolds
  2 ball pythons
  A ball python skeleton (D:4)
  5 frilled lizards
  10 rats
85 creatures vanquished.

Notes
Turn   | Place    | Note
-------+----------+-------------------------------------------
     0 | D:1      | sokol815 the Formicid Fighter began the quest for the Orb.
     0 | D:1      | Reached XP level 1. HP: 18/18 MP: 1/1
   190 | D:1      | Reached XP level 2. HP: 23/24 MP: 2/2
   240 | D:1      | Reached skill level 3 in Axes
   480 | D:1      | Reached XP level 3. HP: 29/29 MP: 3/3
   954 | D:2      | Reached skill level 4 in Axes
   954 | D:2      | Reached XP level 4. HP: 23/35 MP: 4/4
  1125 | D:2      | Reached XP level 5. HP: 40/41 MP: 5/5
  1131 | D:2      | Found a stormy altar of Qazlal.
  1161 | D:2      | Became a worshipper of Qazlal Stormbringer
  1207 | D:2      | Reached skill level 5 in Axes
  1995 | D:3      | Noticed Jessica
  2003 | D:3      | Killed Jessica
  2004 | D:3      | Reached XP level 6. HP: 47/47 MP: 6/6
  2343 | D:4      | Reached skill level 6 in Axes
  2351 | D:4      | Found a broken altar of Ashenzari.
  2356 | D:4      | Found an opulent altar of Gozag.
  2356 | D:4      | Found a shadowy altar of Dithmenos.
  2366 | D:4      | Found Moxt's Jewellery Shop.
  2375 | D:4      | Reached * piety under Qazlal
  2415 | D:4      | Noticed an ogre
  2424 | D:4      | HP: 1/47 [ogre/+0 giant club (15)]
  2426 | D:4      | Slain by an ogre

Illustrated notes

Levels and vault maps discovered:
D:1:      dpeg_arrival_rhombus, layout_loops_corners,
          chequers_serial_rivers_micro_a, minmay_pentomino_s4
D:2:      layout_rooms, nicolae_qazlal_general_emergency
D:3:      layout_rooms, nicolae_overflow_hidden_temple,
          nicolae_underground_beach, uniq_jessica
D:4:      layout_basic, grunt_temple_overflow_open, serial_shops, shop

Skill      XL: |  1  2  3  4  5  6 |
---------------+-------------------+-----
Axes           | 3 4 5 6 |  6.3
Fighting       | |  3.2
Armour         | |  3.2
Shields        | |  3.6

Action                   |  1- 3 |  4- 6 || total
-------------------------+-------+-------++-------
Melee: War axe           |    91 |   139 ||   230
  Use: Potion            |     1 |     7 ||     8
Armor: Scale mail        |     7 |       ||     7
       Plate armour      |    48 |    68 ||   116
Dodge: Dodged            |    21 |    22 ||    43
Block: Kite shield       |    43 |    76 ||   119

Table legend: (Time is in decaauts)
 A = Elapsed time spent in this place.
 B = Non-inter-level travel time spent in this place.
 C = Inter-level travel time spent in this place.
 D = Time resting spent in this place.
 E = Time spent auto-exploring this place.
 F = Levels seen in this place.
 G = Mean time per level.
                   A        B        C        D        E       F      G
               +--------+--------+--------+--------+--------+-----+--------+
         Total |   2502 |   2431 |     71 |    115 |   1704 |   4 |  625.5 |
       Dungeon |   2502 |   2431 |     71 |    115 |   1704 |   4 |  625.5 |
               +--------+--------+--------+--------+--------+-----+--------+

Top non-repeatable levels by time:
     D:1: 974 daAuts
     D:3: 777 daAuts
     D:2: 599 daAuts
     D:4: 150 daAuts

Table legend:
 A = Kills in this place as a percentage of kills in entire the game.
 B = Kills by you in this place as a percentage of kills by you in the entire game.
 C = Kills by friends in this place as a percentage of kills by friends in the entire game.
 D = Other kills in this place as a percentage of other kills in the entire game.
 E = Experience gained in this place as a percentage of experience gained in the entire game.
 F = Experience gained in this place divided by the number of levels of this place that you have seen.
                   A       B       C       D       E      F
               +-------+-------+-------+-------+-------+----------------------
         Total | 100.0 | 100.0 |   N/A |   N/A | 100.0 |  94.0
       Dungeon | 100.0 | 100.0 |   N/A |   N/A | 100.0 |  94.0
               +-------+-------+-------+-------+-------+----------------------
